 Dungeon Crawl Stone Soup version 0.31-a0-1570-g93c622d222 (webtiles) character file.

Game seed: 13264978029013723465

1191 CowFu the Caller (level 8, -1/58 HPs)
             Began as a Gnoll Summoner on Jan 3, 2024.
             Was an Initiate of Hepliaklqana.
             Slain by a vampire mosquito (11 damage)
             ... on level 7 of the Dungeon.
             The game lasted 00:17:58 (6154 turns).

CowFu the Caller (Gnoll Summoner)                   Turns: 6154, Time: 00:17:58

Health: -1/58      AC:  2    Str:  9    XL:     8   Next: 43%
Magic:  23/26      EV: 14    Int: 16    God:    Hepliaklqana [......]
Gold:   298        SH:  0    Dex: 12    Spells: 13/19 levels left

rFire   + . .        s - +8 storm bow {elec, penet}
rCold   . . .        (shield currently unavailable)
rNeg    . . .        a - +0 robe
rPois   .            (no helmet)
rElec   .            (no cloak)
rCorr   .            (no gloves)
SInv    .            (no boots)
Will    .....        (no amulet)
Stlth   +++          h - ring of magical power
HPRegen 0.29/turn    m - ring of protection from fire
MPRegen 0.20/turn

%: no passive effects
@: no status effects
A: fangs 1, strong nose, distributed training
a: Renounce Religion


You were on level 7 of the Dungeon.
You worshipped Hepliaklqana.
Hepliaklqana was noncommittal.
You visited 2 branches of the dungeon, and saw 8 of its levels.

You collected 298 gold pieces.

Inventory:

Hand Weapons
 d - a +0 short sword
 r - a +2 hand axe of freezing
 s - the +8 storm bow (weapon) {elec, penet}
   (You found it on level 4 of the Dungeon)
Armour
 a - a +0 robe (worn)
 e - a +0 buckler
 q - a +0 tower shield
Magical Staves
 n - a staff of conjuration
Jewellery
 h - a ring of magical power (left hand)
 m - a ring of protection from fire (right hand)
 x - a +6 ring of dexterity
 y - an amulet of magic regeneration
 D - a ring of flight
 E - a ring of protection from cold
Wands
 k - a wand of light (8)
 o - a wand of flame (30)
Scrolls
 c - 2 scrolls of teleportation
 t - a scroll of revelation {unknown}
 u - 2 scrolls of blinking {unknown}
 v - a scroll of silence {unknown}
 w - a scroll of fear {unknown}
 z - 2 scrolls of amnesia
 A - a scroll of immolation {unknown}
 B - a scroll of identify
 C - a scroll of enchant weapon {unknown}
 G - a scroll of fog {unknown}
Potions
 b - a potion of magic
 f - 3 potions of mutation
 g - a potion of cancellation
 i - a potion of haste {unknown}
 j - 2 potions of brilliance {unknown}
 l - 4 potions of curing {unknown}
 p - a potion of lignification {unknown}
 F - a potion of ambrosia {unknown}


   Skills:
 + Level 3.4 Fighting
 + Level 3.4 Short Blades
 + Level 3.4 Long Blades
 + Level 3.4 Axes
 + Level 3.4 Maces & Flails
 + Level 3.4 Polearms
 + Level 3.4 Staves
 + Level 3.4 Ranged Weapons
 + Level 3.4 Throwing
 + Level 3.4 Armour
 + Level 5.7 Dodging
 + Level 5.4 Stealth
 + Level 3.4 Shields
 + Level 3.4 Unarmed Combat
 + Level 6.1 Spellcasting
 + Level 2.7 Conjurations
 + Level 2.7 Hexes
 + Level 7.7 Summonings
 + Level 2.7 Necromancy
 + Level 2.7 Translocations
 + Level 2.7 Fire Magic
 + Level 2.7 Ice Magic
 + Level 2.7 Air Magic
 + Level 2.7 Earth Magic
 + Level 2.7 Alchemy
 + Level 3.7 Invocations
 + Level 3.4 Evocations
 + Level 3.1 Shapeshifting


You had 13 spell levels left.
You knew the following spells:

 Your Spells              Type           Power      Damage    Failure   Level
a - Summon Small Mammal   Summ           100%       N/A       1%          1
b - Call Imp              Summ           58%        N/A       1%          2
c - Call Canine Familiar  Summ           29%        N/A       1%          3

Your spell library contained the following spells:

 Spells                   Type           Power      Damage    Failure   Level
 Inner Flame              Hex/Fire       13%        N/A       13%         3
 Volatile Blastmotes      Fire/Tloc      26%        2d12      13%         3
 Summon Blazeheart Golem  Fire/Summ      21%        N/A       16%         4
 Summon Lightning Spire   Summ/Air       21%        N/A       16%         4
 Flame Wave               Conj/Fire      13%        2d6       41%         4
 Fulminant Prism          Conj/Alch      6%         3d7       41%         4
 Iskenderun's Mystic Bla  Conj/Tloc      13%        2d5       41%         4
 Sticky Flame             Fire/Alch      13%        2d5       41%         4


Dungeon Overview and Level Annotations

Branches:
Dungeon (7/15)             Temple (1/1) D:6

Altars:
Ashenzari
Cheibriados
Dithmenos
Elyvilon
Fedhas
Gozag
Hepliaklqana
Kikubaaqudgha
Nemelex Xobeh
Okawaru
Ru
Sif Muna
Trog
Uskayaw
Vehumet
Xom
Yredelemnul
Zin
The Shining One

Shops:
D:5 !


Innate Abilities, Weirdness & Mutations

You have very sharp teeth.
Your uncanny sense of smell can sniff out nearby items.
Your experience applies equally to all skills.


Message History

Lightning courses through the vampire mosquito!
You destroy the vampire mosquito!
Your Shapeshifting skill increases to level 3!
You shoot an arrow.
The arrow pierces through the vampire mosquito!
Lightning courses through the vampire mosquito!
The vampire mosquito is almost destroyed.
The vampire mosquito bites you!
The vampire mosquito draws strength from your injuries!
The vampire mosquito closely misses you.
You shoot an arrow. The arrow misses the vampire mosquito.
The vampire mosquito bites you.
The vampire mosquito draws strength from your injuries!
The vampire mosquito bites you.
The vampire mosquito draws strength from your injuries!
The vampire mosquito barely misses you.
You shoot an arrow.
The arrow barely misses the vampire mosquito.
The vampire mosquito bites you.
The vampire mosquito draws strength from your injuries!
The vampire mosquito bites you!
The vampire mosquito draws strength from your injuries!
The vampire mosquito bites you.
The vampire mosquito draws strength from your injuries!
You are too injured to fight recklessly!
You are too injured to fight recklessly!
Casting: Summon Small Mammal (safe; 1% risk of failure)
Confirm with . or Enter, or press ? or * to list all spells.
The vampire mosquito misses you. The vampire mosquito bites you!
* * * LOW HITPOINT WARNING * * *
The vampire mosquito draws strength from your injuries!
Casting: Summon Small Mammal (safe; 1% risk of failure)
Confirm with . or Enter, or press ? or * to list all spells.
A tiny devil pulls itself out of the air.
Your cerulean imp says, "You called?"
The vampire mosquito bites you.
* * * LOW HITPOINT WARNING * * *
The vampire mosquito draws strength from your injuries!
The vampire mosquito bites you!
You die...

.. ### .
##.##.#
##...#. ∆
......#
r.†#.### ∆
#y5....#
#@##.#.#
#.##.#.# #+#
#.##.#.# #.#
#.##.#.#
######.##
#......#
........#
####.###
........## ###
#.# .###.....#
##.## #.# .#
##...####.#.##
#.#


You could see a vampire mosquito (ally target), a friendly cerulean imp
(summoned) and a friendly quokka (summoned).

Vanquished Creatures
  2 vampire mosquitoes (D:7)
  2 ice beasts (D:6)
  A sky beast (D:5)
  A bombardier beetle (D:5)
  An orc priest (D:6)
  A hound (D:6)
  A jelly (D:6)
  An iguana (D:6)
  3 orc wizards (D:6)
  A sleepcap (D:5)
  4 gnolls (D:6)
  An adder (D:6)
  A white imp (D:5)
  A dart slug (D:5)
  5 orcs
  An endoplasm (D:4)
  2 giant cockroaches (D:4)
  5 goblins
  A hobgoblin (D:2)
  3 kobolds
  A quokka (D:1)
  A ball python (D:2)
  2 bats (D:1)
  A frilled lizard (D:2)
  2 rats (D:3)
45 creatures vanquished.

Vanquished Creatures (collateral kills)
  A phantom (D:4)
  A scorpion (D:5)
  A bombardier beetle (D:4)
  Terence (D:2)
  Robin (D:2)
  5 adders
  2 dart slugs
  A ribbon worm (D:4)
  2 orcs
  6 ball pythons
  7 endoplasms
  2 giant cockroaches
  11 goblins
  6 hobgoblins
  A quokka (D:3)
  3 bats
  6 kobolds
  2 rats
59 creatures vanquished.

Grand Total: 104 creatures vanquished

Notes
Turn   | Place    | Note
-------+----------+-------------------------------------------
     0 | D:1      | CowFu the Gnoll Summoner began the quest for the Orb.
     0 | D:1      | Reached XP level 1. HP: 13/13 MP: 6/6
   171 | D:1      | Reached XP level 2. HP: 19/19 MP: 4/7
   174 | D:1      | Learned a level 2 spell: Call Imp
   483 | D:1      | Reached skill level 5 in Spellcasting
   483 | D:1      | Reached XP level 3. HP: 25/25 MP: 3/9
   487 | D:1      | Learned a level 3 spell: Call Canine Familiar
  1118 | D:2      | Reached skill level 1 in Invocations
  1192 | D:2      | Reached skill level 1 in Fighting
  1192 | D:2      | Reached skill level 1 in Short Blades
  1192 | D:2      | Reached skill level 1 in Long Blades
  1192 | D:2      | Reached skill level 1 in Axes
  1192 | D:2      | Reached skill level 1 in Maces & Flails
  1192 | D:2      | Reached skill level 1 in Polearms
  1192 | D:2      | Reached skill level 1 in Staves
  1192 | D:2      | Reached skill level 1 in Ranged Weapons
  1192 | D:2      | Reached skill level 1 in Throwing
  1192 | D:2      | Reached skill level 1 in Armour
  1192 | D:2      | Reached skill level 1 in Shields
  1192 | D:2      | Reached skill level 1 in Unarmed Combat
  1192 | D:2      | Reached skill level 1 in Evocations
  1196 | D:2      | HP: 1/26 [poisoned by an adder]
  1407 | D:2      | Found a basalt altar of Yredelemnul.
  1574 | D:2      | Reached skill level 1 in Shapeshifting
  1574 | D:2      | Reached XP level 4. HP: 20/32 MP: 3/11
  1771 | D:2      | Noticed Terence
  1784 | D:2      | Killed Terence
  1785 | D:2      | Reached skill level 1 in Conjurations
  1785 | D:2      | Reached skill level 1 in Hexes
  1785 | D:2      | Reached skill level 1 in Necromancy
  1785 | D:2      | Reached skill level 1 in Translocations
  1785 | D:2      | Reached skill level 1 in Fire Magic
  1785 | D:2      | Reached skill level 1 in Ice Magic
  1785 | D:2      | Reached skill level 1 in Air Magic
  1785 | D:2      | Reached skill level 1 in Earth Magic
  1785 | D:2      | Reached skill level 1 in Alchemy
  1964 | D:2      | Noticed Robin
  1977 | D:2      | Killed Robin
  1978 | D:2      | Reached XP level 5. HP: 5/37 MP: 5/12
  3538 | D:4      | Noticed a phantom
  3563 | D:4      | Killed a phantom
  3564 | D:4      | Reached skill level 5 in Dodging
  3564 | D:4      | Reached XP level 6. HP: 8/44 MP: 14/14
  3716 | D:4      | Found the +8 storm bow {elec, penet}
  4308 | D:5      | Entered Level 5 of the Dungeon
  4312 | D:5      | Noticed a sky beast
  4316 | D:5      | Killed a sky beast
  4368 | D:5      | Found Kuhodaif's Distillery.
  4417 | D:5      | Found a shadowy altar of Dithmenos.
  4460 | D:5      | Reached XP level 7. HP: 51/51 MP: 15/15
  4729 | D:5      | You fall into a shaft and drop 1 floor!
  4785 | D:6      | Reached skill level 5 in Stealth
  4857 | D:6      | Found a blossoming altar of Fedhas.
  5103 | D:6      | Reached XP level 8. HP: 56/58 MP: 16/16
  5172 | D:6      | Found a staircase to the Ecumenical Temple.
  5205 | Temple   | Entered the Ecumenical Temple
  5219 | Temple   | Became a worshipper of Hepliaklqana the Forgotten
  5375 | D:6      | Found a white marble altar of Elyvilon.
  6154 | D:7      | Slain by a vampire mosquito

Illustrated notes

Levels and vault maps discovered:
D:1:      dpeg_arrival_water_fire, layout_basic, minmay_close_crescents
D:2:      layout_rooms, basic_altar, uniq_terence, uniq_robin
D:3:      layout_loops_ring
D:4:      layout_loops_corners
D:5:      layout_basic, grunt_dithmenos_smoke_and_mirrors, serial_shops,
          nicolae_take_the_stairs
D:6:      layout_layer_cave, fedhas_altar_3, mainiacjoe_overflow_catwalk,
          minmay_temple_entry_slanted
D:7:      layout_loops_corners, mainiacjoe_overflow_catwalk_spiral
Temple:   nicolae_temple_superstar

Skill      XL: |  1  2  3  4  5  6  7  8 |
---------------+-------------------------+-----
Spellcasting   | 5 6 |  6.1
Invocations    | 1 2 3 |  3.7
Fighting       | 1 2 3 |  3.4
Short Blades   | 1 2 3 |  3.4
Long Blades    | 1 2 3 |  3.4
Axes           | 1 2 3 |  3.4
Maces & Flails | 1 2 3 |  3.4
Polearms       | 1 2 3 |  3.4
Staves         | 1 2 3 |  3.4
Ranged Weapons | 1 2 3 |  3.4
Throwing       | 1 2 3 |  3.4
Armour         | 1 2 3 |  3.4
Shields        | 1 2 3 |  3.4
Unarmed Combat | 1 2 3 |  3.4
Evocations     | 1 2 3 |  3.4
Shapeshifting  | 1 2 3 |  3.1
Conjurations   | 1 2 |  2.7
Hexes          | 1 2 |  2.7
Necromancy     | 1 2 |  2.7
Translocations | 1 2 |  2.7
Fire Magic     | 1 2 |  2.7
Ice Magic      | 1 2 |  2.7
Air Magic      | 1 2 |  2.7
Earth Magic    | 1 2 |  2.7
Alchemy        | 1 2 |  2.7
Dodging        | 5 |  5.7
Stealth        | 5 |  5.4
Summonings     | |  7.7

Action                     |  1- 3 |  4- 6 |  7- 9 || total
---------------------------+-------+-------+-------++-------
  Melee: Short sword       |    28 |     4 |       ||    32
         Bite              |     2 |     8 |       ||    10
         Staff             |       |    58 |       ||    58
         Punch             |       |     2 |       ||     2
   Fire: Longbow           |       |    10 |    49 ||    59
   Cast: Summon Small Mamm |    23 |    32 |     6 ||    61
         Call Imp          |    13 |    24 |     5 ||    42
         Call Canine Famil |     6 |    22 |     4 ||    32
    Use: Scroll            |       |     6 |       ||     6
         Potion            |       |     2 |       ||     2
   Stab: Sleeping          |     1 |     2 |       ||     3
         Distracted        |     1 |     1 |       ||     2
 Armour: Robe              |    30 |    61 |    12 ||   103
  Dodge: Dodged            |    35 |    66 |    11 ||   112

Table legend: (Time is in decaauts)
 A = Elapsed time spent in this place.
 B = Non-inter-level travel time spent in this place.
 C = Inter-level travel time spent in this place.
 D = Time resting spent in this place.
 E = Time spent auto-exploring this place.
 F = Levels seen in this place.
 G = Mean time per level.
                   A        B        C        D        E       F      G
               +--------+--------+--------+--------+--------+-----+--------+
         Total |   6195 |   5940 |    255 |      0 |   4875 |   8 |  774.4 |
       Dungeon |   6169 |   5935 |    234 |      0 |   4875 |   7 |  881.3 |
        Temple |     26 |      5 |     21 |      0 |      0 |   1 |   26.0 |
               +--------+--------+--------+--------+--------+-----+--------+

Top non-repeatable levels by time:
     D:6: 1349 daAuts
     D:4: 1186 daAuts
     D:1: 1099 daAuts
     D:2: 1041 daAuts
     D:3: 991 daAuts
     D:5: 427 daAuts
     D:7: 73 daAuts
  Temple: 26 daAuts
